AoeStats
← Axolot

Hill Fort

504647520Analyzed
2v2 RM · 26d ago on Sep 6, 2026· 59m 19s· 4 players
Game mode
Random Map
Map size
Medium (4 player)
Population
200
Speed
Normal
Resources
Standard
Victory
Conquest
Starting age
Dark Age
Ending age
Imperial Age
RankedLock teamsTeams togetherTeam positionsShared explorationLock speedFull tech treeHidden civsTurbo modeCheats
Victory
Defeat
🇲🇽 Mongols · Mexico
1438
+17
🇺🇸 Cumans · United States
1385
+19
🇦🇷 Maya · Argentina
1471
-19
🇦🇷 Teutons · Argentina
1432
-17
Compare bear
10:33 Feudal Age
9:37 Loom
12:55 Fletching
18:21 Castle Age
20:23 Double-Bit Axe
24:24 Bodkin Arrow
28:53 Bow Saw
31:55 Town Watch
33:05 Wheelbarrow
33:36 Padded Archer Armor
37:36 Gold Mining
37:36 Stone Mining
41:16 Imperial Age
42:52 Scale Barding Armor
42:57 Forging
42:54 Elite Steppe Lancer
43:46 Bloodlines
43:36 Husbandry
43:58 Chain Barding Armor
43:39 Bracer
45:10 Chemistry
44:36 Ballistics
46:01 Iron Casting
48:23 Blast Furnace
50:57 Conscription
51:24 Gold Shaft Mining
51:24 Stone Shaft Mining
50:32 Horse Collar
51:02 Elite Mangudai
52:20 Leather Archer Armor
51:43 Light Cavalry
52:32 Capped Ram
53:50 Siege Ram
56:39 Drill
57:04 Hussar
58:35 Parthian Tactics
58:15 Thumb Ring
[GDL] GOoMiToO
5:59 Loom
8:14 Feudal Age
14:27 Fletching
19:58 Wheelbarrow
23:10 Castle Age
21:40 Double-Bit Axe
21:39 Horse Collar
21:49 Town Watch
22:01 Town Watch
24:09 Bloodlines
25:29 Scale Barding Armor
26:26 Forging
26:48 Chain Barding Armor
26:24 Gold Mining
32:51 Gold Shaft Mining
34:29 Capped Ram
37:52 Town Patrol
38:15 Forging
38:51 Hand Cart
45:32 Imperial Age
42:46 Light Cavalry
44:23 Iron Casting
46:59 Plate Barding Armor
48:23 Blast Furnace
52:31 Cavalier
56:24 Bodkin Arrow
58:03 Elite Skirmisher
58:44 Padded Archer Armor
59:33 Thumb Ring
Axolot
0:33 Loom
10:05 Feudal Age
12:13 Double-Bit Axe
20:33 Fletching
21:34 Fishing Lines
28:55 Castle Age
29:14 Pikeman
29:55 Squires
30:10 Bow Saw
34:58 Imperial Age
34:01 Gillnets
34:16 Scale Mail Armor
34:27 Forging
34:29 Bodkin Arrow
33:59 Eagle Warrior
34:37 Stone Mining
36:46 Scale Mail Armor
36:33 Elite Eagle Warrior
37:47 Holcans
38:07 Chain Mail Armor
39:40 Plate Mail Armor
42:18 Forging
42:32 Elite Eagle Warrior
45:02 Iron Casting
45:24 Arson
48:58 Ballistics
48:41 Bracer
50:24 Town Watch
51:15 Wheelbarrow
52:03 Chemistry
53:57 Gold Mining
56:18 Crossbowman
57:52 Crossbowman
58:37 Thumb Ring
Dino_Mate
6:33 Loom
9:10 Feudal Age
9:57 Double-Bit Axe
11:35 Fletching
22:20 Castle Age
20:52 Horse Collar
23:17 Bow Saw
26:14 Wheelbarrow
25:25 Town Watch
26:21 Guard Tower
26:40 Bodkin Arrow
30:01 Ballistics
31:49 Hand Cart
32:31 Heavy Plow
32:32 Gold Mining
32:32 Stone Mining
34:25 Scale Barding Armor
34:54 Bloodlines
34:58 Forging
36:11 Chain Barding Armor
41:27 Imperial Age
41:31 Cavalier
42:58 Plate Barding Armor
45:45 Iron Casting
48:11 Blast Furnace
47:59 Paladin
53:20 Coinage
52:51 Caravan
57:12 Scale Mail Armor
56:34 Pikeman
57:14 Squires
57:37 Halberdier
Connection lost

Rejoining the realm…

Still unreachable

The connection could not be restored.

Session expired

The server has moved on; the page needs a fresh start.